 Dungeon Sprint DCSS version 0.19-a0-1442-g3b32ff5 (webtiles) character file.

2527 poirepourri the Fighter (level 9, -12/103 HPs)
             Began as a Deep Dwarf Fighter on Sept 5, 2016.
             Was the Champion of Makhleb.
             Mangled by an alligator snapping turtle (28 damage)
             ... in the Dungeon (Sprint VII: "The Pits").
             The game lasted 00:04:03 (771 turns).

poirepourri the Fighter (Deep Dwarf Fighter)         Turns: 771, Time: 00:04:04

Health: -12/103    AC: 14    Str: 25    XL:     9   Next: 29%
Magic:  1/8        EV: 10    Int: 11    God:    Makhleb [******]
Gold:   0          SH:  0    Dex: 14    Spells: 0 memorised, 8 levels left

rFire  . . .     SeeInvis .     a - +0 war axe
rCold  . . .     Gourm    .     t - +3 chain mail
rNeg   . . .     Faith    .     c - +0 shield
rPois  .         Spirit   .     (no helmet)
rElec  .         Dismiss  .     y - +0 cloak
rCorr  .         Reflect  .     (no gloves)
MR     +....     Harm     .     z - +0 pair of boots
Stlth  .......... NoTele   +    (no amulet)
                                h - +3 ring of intelligence
                                u - +3 ring of strength

@: confused, non-regenerating
A: damage resistance, recharge devices, sense surroundings 2, slow regeneration
3
a: Device Recharging, Minor Destruction, Lesser Servant of Makhleb, Major
Destruction, Greater Servant of Makhleb, Renounce Religion


You were in the Dungeon.
You worshipped Makhleb.
Makhleb was exalted by your worship.
You were not hungry.

You visited 1 branch

Inventory:

Hand Weapons
 a - a +0 war axe (weapon)
 x - a +2 war axe of chopping
Missiles
 s - 10 stones (quivered)
Armour
 b - a +0 scale mail
 c - a +0 shield (worn)
 t - a +3 chain mail (worn)
 y - a +0 cloak (worn)
 z - a +0 pair of boots (worn)
Jewellery
 h - a +3 ring of intelligence (right hand)
 u - a +3 ring of strength (left hand)
Wands
 d - a wand of random effects (39/48)
 e - a wand of heal wounds (4/9)
Scrolls
 n - 3 scrolls of remove curse
 o - 5 scrolls of amnesia
Potions
 g - 9 potions of curing
 i - a potion of haste
 j - 4 potions of magic
 k - 4 potions of berserk rage
 l - a potion of brilliance
 m - 2 potions of invisibility
 p - a potion of agility
 v - 3 potions of cure mutation
 w - 2 potions of heal wounds
Comestibles
 f - 8 bread rations
 q - 40 fruits
 r - 5 meat rations


   Skills:
 + Level 13.9 Fighting
 + Level 13.3 Axes
 - Level 3.2 Armour
 + Level 8.5 Dodging
 - Level 3.2 Shields
 + Level 1.8 Invocations
 + Level 3.1 Evocations


You had 8 spell levels left.
You didn't know any spells.

Dungeon Overview and Level Annotations

Branches:
Dungeon (1/1)

Altars:
Ashenzari
Cheibriados
Dithmenos
Elyvilon
Fedhas
Gozag
Hepliaklqana
Kikubaaqudgha
Makhleb
Nemelex Xobeh
Okawaru
Qazlal
Ru
Sif Muna
Trog
Uskayaw
Vehumet
Xom
Yredelemnul
Zin
The Shining One
Beogh
Jiyva
Lugonu


Innate Abilities, Weirdness & Mutations

You are resistant to damage.
You can recharge devices by infusing magical energy.
You passively map the area around you.
You do not regenerate.


Message History

You choke on the stench!
You are more confused.
The alligator snapping turtle is engulfed in noxious fumes.
The alligator snapping turtle barely misses you.
The swamp drake closely misses you.
The spriggan rider is engulfed in noxious fumes.
The spriggan rider appears confused.
The spriggan rider hits the swamp drake with the +3 rapier of the Five Songs {antimagic, rN+ Str+4 Dex+4}!
The elephant trumpets!
The swamp drake bites you but does no damage.
The alligator snapping turtle bites you!!!
* * * LOW HITPOINT WARNING * * *
You barely miss the swamp drake.
The swamp drake is moderately wounded.
You slash the alligator snapping turtle!
Your shield and chain mail prevent you from hitting the elephant.
The spriggan rider completely misses the swamp drake.
The swamp drake bites you but does no damage.
The alligator snapping turtle bites you!!
You die...

, , ,, ,*#..################.. *
, #..##.#.#Y# * ,#.. ,,
*#..#.#k#Y# ,*, , #.. , , ,
#..'#W#t#M ,*,* ,#.. ,*,
*#.3#.#Y# , *#.. , , *#..##3# *,
, ,#.. * * *#.Y################..
#############...t.i..............
#__________##..Y@k...............
#__________###########''#########
#____#####'###########''######
######)))#.##................#
#.?|.))))'.##......#..#......# ,,
##########.##)...............+ ,
#........)..'................+
#'#####'#####......#..#......# ,
#รท#...#.#.[##................# ,


You could see an alligator snapping turtle, 2 elephants, a spriggan rider
(confused) and a swamp drake.

Vanquished Creatures
  An orc sorcerer (D)
  A freezing wraith (D)
  A shadow (D)
  2 hungry ghosts (D)
  A giant eyeball (D)
  Duvessa (D)
  A porcupine (D)
  2 ice beasts (D)
  A black bear (D)
  An ogre (D)
  A wolf (D)
  Dowan (D)
  4 wights (D)
  An iron imp (D)
  A gnoll (D)
  An adder (D)
  2 river rats (D)
  3 orcs (D)
  A bat (D)
  2 jackals (D)
  A giant newt (D)
  A goblin (D)
  A jackal zombie (D)
32 creatures vanquished.

Vanquished Creatures (collateral kills)
  An orc high priest (D)
1 creature vanquished.

Grand Total: 33 creatures vanquished

Notes
Turn   | Place    | Note
-------+----------+-------------------------------------------
     0 | D        | poirepourri the Deep Dwarf Fighter began the quest for the Orb.
     0 | D        | Reached XP level 1. HP: 20/20 MP: 1/1
    13 | D        | Noticed a giant eyeball
    16 | D        | Paralysed by a giant eyeball for 3 turns
    21 | D        | Killed a giant eyeball
    21 | D        | Reached skill level 5 in Axes
    21 | D        | Reached XP level 2. HP: 38/38 MP: 2/2
    21 | D        | Reached XP level 3. HP: 44/44 MP: 3/3
    21 | D        | Reached XP level 4. HP: 52/52 MP: 4/4
    27 | D        | Found a radiant altar of Vehumet.
    27 | D        | Found a hide-covered altar of Uskayaw.
    27 | D        | Found an ancient bone altar of Kikubaaqudgha.
    27 | D        | Found a viscous altar of Jiyva.
    27 | D        | Found a hazy altar of Hepliaklqana.
    28 | D        | Found a bloodstained altar of Trog.
    28 | D        | Found a deep blue altar of Sif Muna.
    28 | D        | Found a sacrificial altar of Ru.
    28 | D        | Found a stormy altar of Qazlal.
    28 | D        | Found an iron altar of Okawaru.
    28 | D        | Found a sparkling altar of Nemelex Xobeh.
    28 | D        | Found an opulent altar of Gozag.
    28 | D        | Found a blossoming altar of Fedhas.
    28 | D        | Found a white marble altar of Elyvilon.
    28 | D        | Found a shadowy altar of Dithmenos.
    28 | D        | Found a snail-covered altar of Cheibriados.
    29 | D        | Found a glowing golden altar of the Shining One.
    29 | D        | Found a glowing silver altar of Zin.
    30 | D        | Found a burning altar of Makhleb.
    30 | D        | Found a basalt altar of Yredelemnul.
    30 | D        | Found a roughly hewn altar of Beogh.
    31 | D        | Found a corrupted altar of Lugonu.
    31 | D        | Found a shimmering altar of Xom.
    31 | D        | Found a shattered altar of Ashenzari.
    38 | D        | Became a worshipper of Makhleb the Destroyer
    96 | D        | Reached * piety under Makhleb
   114 | D        | Reached ** piety under Makhleb
   117 | D        | Noticed an ogre
   123 | D        | Killed an ogre
   123 | D        | Reached skill level 1 in Dodging
   123 | D        | Reached XP level 5. HP: 62/62 MP: 5/5
   199 | D        | Noticed Dowan
   200 | D        | Noticed Duvessa
   240 | D        | Reached *** piety under Makhleb
   244 | D        | Killed Duvessa
   244 | D        | Reached skill level 10 in Fighting
   244 | D        | Reached XP level 6. HP: 70/73 MP: 6/6
   260 | D        | Reached **** piety under Makhleb
   277 | D        | Killed Dowan
   277 | D        | Reached XP level 7. HP: 60/81 MP: 7/7
   317 | D        | Noticed a hungry ghost
   328 | D        | Killed a hungry ghost
   332 | D        | Reached ***** piety under Makhleb
   341 | D        | Noticed a hungry ghost
   359 | D        | Killed a hungry ghost
   359 | D        | Reached skill level 10 in Axes
   359 | D        | Reached skill level 5 in Dodging
   359 | D        | Reached skill level 1 in Evocations
   387 | D        | Reached XP level 8. HP: 93/93 MP: 7/9
   408 | D        | Noticed an orc high priest
   408 | D        | Noticed an orc sorcerer
   408 | D        | Noticed a freezing wraith
   420 | D        | Reached ****** piety under Makhleb
   422 | D        | Noticed a smoke demon
   425 | D        | Noticed a hellwing
   432 | D        | Noticed an orange demon
   433 | D        | Noticed a red devil
   436 | D        | Killed an orc sorcerer
   459 | D        | Noticed a sixfirhy
   468 | D        | Killed an orc high priest
   468 | D        | Reached skill level 1 in Invocations
   468 | D        | Gained mutation: You passively map the area around you. [Deep Dwarf growth]
   468 | D        | Reached XP level 9. HP: 35/103 MP: 9/11
   484 | D        | Killed a freezing wraith
   707 | D        | Noticed an elephant
   707 | D        | Noticed an elephant
   707 | D        | Noticed an elephant
   708 | D        | Noticed an alligator snapping turtle
   756 | D        | Noticed a spriggan rider
   771 | D        | Mangled by an alligator snapping turtle

Vault maps used:
D:        pitsprint

Skill      XL: |  1  2  3  4  5  6  7  8  9 |
---------------+----------------------------+-----
Fighting       | 7 9 10 11 12 13 | 13.9
Axes           | 5 6 8 9 10 12 13 | 13.3
Dodging        | 1 2 4 5 8 |  8.5
Evocations     | 1 2 3 |  3.1
Invocations    | 1 |  1.8
Armour         | |  3.2
Shields        | |  3.2

Action                   |  1- 3 |  4- 6 |  7- 9 || total
-------------------------+-------+-------+-------++-------
Melee: War axe           |     5 |    52 |   118 ||   175
       Unarmed           |       |     2 |       ||     2
Invok: Lesser Servant of |       |       |     4 ||     4
 Abil: Device Recharging |       |       |     3 ||     3
Evoke: Wand              |       |       |    10 ||    10
  Use: Potion            |       |     1 |     6 ||     7
       Scroll            |       |       |     2 ||     2
  Eat: Meat ration       |       |       |     2 ||     2
Armor: Scale mail        |       |     9 |       ||     9
       Chain mail        |       |    15 |    85 ||   100
Dodge: Dodged            |       |    32 |    44 ||    76
Block: Shield            |       |    30 |    73 ||   103
